 Dungeon Crawl Stone Soup version 0.28.0-43-g3370ac3207 (webtiles) character file.

Game seed: 4020021562705743265

536 croobank the Sneak (level 7, -5/36 HPs)
             Began as a Gargoyle Fire Elementalist on Mar 6, 2022.
             Slain by a hornet zombie (8 damage)
             ... on level 5 of the Dungeon.
             The game lasted 00:16:35 (5288 turns).

croobank the Sneak (Gargoyle Fire Elementalist)     Turns: 5288, Time: 00:16:35

Health: -5/36      AC:  7    Str: 11    XL:     7   Next: 25%
Magic:  1/12       EV: 12    Int: 18    God:
Gold:   166        SH:  0    Dex: 10    Spells: 3/13 levels left

rFire   . . .      SeeInvis .   a - +0 mace
rCold   . . .      Faith    .   (no shield)
rNeg    + . .      Spirit   .   g - +0 robe
rPois   ∞          Reflect  .   (no helmet)
rElec   +          Harm     .   (no cloak)
rCorr   .          Rampage  .   p - +0 pair of gloves
Will    .....                   (no boots)
Stlth   ++........              (no amulet)
HPRegen 0.12/turn               (no ring)
MPRegen 0.13/turn               (no ring)

@: no status effects
A: sickness immunity, AC +4, negative energy resistance 1, electricity
resistance, torment resistance 1, petrification resistance
a: no special abilities


You were on level 5 of the Dungeon.
You visited 1 branch of the dungeon, and saw 5 of its levels.

You collected 166 gold pieces.

Inventory:

Hand Weapons
 a - a +0 mace (weapon)
 b - a +0 hunting sling
Missiles
 c - 221 stones
 d - 2 boomerangs
 i - 5 curare-tipped darts (quivered)
 q - 62 arrows
Armour
 g - a +0 robe (worn)
 p - a +0 pair of gloves (worn)
 v - a +0 leather armour
 x - +0 storm dragon scales
Scrolls
 f - 2 scrolls of enchant armour
 h - 2 scrolls of fear
 k - 5 scrolls of noise
Potions
 e - a potion of brilliance {unknown}
 l - 3 potions of curing
 m - a potion of flight {unknown}
 n - a potion of lignification {unknown}
 r - 2 potions of mutation {unknown}
 u - a potion of cancellation {unknown}
 w - a potion of might {unknown}


   Skills:
 + Level 3.0 Dodging
 + Level 4.5 Stealth
 + Level 3.5 Spellcasting
 + Level 3.5 Conjurations
 + Level 4.4 Fire Magic
 + Level 1.1 Ice Magic


You had 3 spell levels left.
You knew the following spells:

 Your Spells              Type           Power      Damage    Failure   Level
a - Foxfire               Conj/Fire      68%        2x1d7     3%          1
b - Scorch                Fire           38%        2d7       3%          2
c - Flame Wave            Conj/Fire      17%        2d6       30%         4
d - Frozen Ramparts       Ice            14%        1d3       28%         3

Your spell library contained the following spells:

 Spells                   Type           Power      Damage    Failure   Level
 Magic Dart               Conj           60%        1d6       3%          1
 Shock                    Conj/Air       36%        1d5       8%          1
 Conjure Flame            Conj/Fire      17%        6-21      9%          3
 Inner Flame              Hex/Fire       11%        N/A       19%         3
 Call Imp                 Summ           3%         N/A       24%         2
 Mephitic Cloud           Conj/Pois/Air  7%         N/A       28%         3
 Swiftness                Air            3%         N/A       43%         3
 Ice Form                 Ice/Tmut       5%         N/A       77%         4
 Summon Ice Beast         Ice/Summ       5%         N/A       77%         4
 Airstrike                Air            1%         N/A       83%         4
 Petrify                  Tmut/Erth      3%         N/A       83%         4
 Metabolic Englaciation   Hex/Ice        2%         N/A       98%         5
 Statue Form              Tmut/Erth      Unusable   N/A       N/A         6

Dungeon Overview and Level Annotations

Branches:
Dungeon (5/15)
 Temple: D:4-7

Altars:
Cheibriados
Fedhas
Xom


Innate Abilities, Weirdness & Mutations

You are immune to sickness and miasma.
Your stone body is resilient. (AC +4)
You are immune to poison.
You resist negative energy. (rN+)
You are resistant to electric shocks. (rElec)
You are resistant to unholy torment.
You are immune to petrification.


Message History

The hornet zombie hits you.
Casting: Scorch (safe; 3% risk of failure)
Confirm with . or Enter, or press ? or * to list all spells.
Flames lash the hornet zombie.
The hornet zombie is burned terribly!
The hornet zombie is severely damaged.
The hornet zombie closely misses you. The hornet zombie hits you.
Casting: Scorch (safe; 3% risk of failure)
Confirm with . or Enter, or press ? or * to list all spells.
Flames lash the hornet zombie.
The hornet zombie is burned terribly!
The hornet zombie is almost destroyed.
The hornet zombie hits you.
Casting: Scorch (safe; 3% risk of failure)
Confirm with . or Enter, or press ? or * to list all spells.
Flames lash the hornet zombie.
The hornet zombie is almost destroyed.
The hornet zombie hits you!
Casting: Scorch (safe; 3% risk of failure)
Confirm with . or Enter, or press ? or * to list all spells.
You don't have enough magic to cast this spell.
You hit the hornet zombie but do no damage.
The hornet zombie is almost destroyed.
The hornet zombie barely misses you. The hornet zombie misses you.
You hit the hornet zombie.
The hornet zombie is almost destroyed.
The hornet zombie closely misses you.
The hornet zombie hits you but does no damage.
You hit the hornet zombie but do no damage.
The hornet zombie is almost destroyed.
The hornet zombie hits you!
* * * LOW HITPOINT WARNING * * *
The hornet zombie misses you.
You hit the hornet zombie but do no damage.
The hornet zombie is almost destroyed.
The hornet zombie hits you.
* * * LOW HITPOINT WARNING * * *
The hornet zombie hits you but does no damage.
You closely miss the hornet zombie.
The hornet zombie is almost destroyed.
The hornet zombie hits you!
You die...

######## #......#
#.####.# ##
#.####.#########
#.
#..............##.
#.###.......##.#.
#.# #..##.......
#.###..##..###Z#
#..........###@#
#####.####.....#
#.# #######
#.#######
##.#......
#.....####
#........##
#.........+
####...#.##


You could see a hornet zombie (combustible).

Vanquished Creatures
  A centaur (D:5)
  3 scorpions
  A jelly (D:4)
  A hound (D:5)
  An orc priest (D:4)
  2 gnolls
  A howler monkey skeleton (D:4)
  2 adders (D:4)
  A white imp (D:4)
  An adder skeleton (D:2)
  3 worms
  3 dart slugs
  4 orcs
  7 ball pythons
  8 endoplasms
  4 giant cockroaches
  9 goblins
  2 hobgoblins
  3 jackals (D:1)
  3 quokkas
  4 bats
  2 frilled lizards
  8 kobolds
  3 rats (D:2)
77 creatures vanquished.

Vanquished Creatures (others)
  5 dream sheep (D:4)
  134 foxfires
139 creatures vanquished.

Grand Total: 216 creatures vanquished

Notes
Turn   | Place    | Note
-------+----------+-------------------------------------------
     0 | D:1      | croobank the Gargoyle Fire Elementalist began the quest for
                  | the Orb.
     0 | D:1      | Reached XP level 1. HP: 10/10 MP: 3/3
   240 | D:1      | Reached XP level 2. HP: 15/15 MP: 3/5
   248 | D:1      | Learned a level 2 spell: Scorch
   943 | D:1      | Reached XP level 3. HP: 19/19 MP: 1/6
  1275 | D:2      | Found a snail-covered altar of Cheibriados.
  2216 | D:3      | Reached XP level 4. HP: 24/24 MP: 3/7
  2319 | D:3      | Learned a level 4 spell: Flame Wave
  3223 | D:4      | Noticed a scorpion
  3233 | D:4      | Killed a scorpion
  3234 | D:4      | Reached XP level 5. HP: 28/28 MP: 0/9
  3365 | D:4      | Noticed a dream sheep
  3365 | D:4      | Noticed a dream sheep
  3365 | D:4      | Noticed a dream sheep
  3365 | D:4      | Noticed a dream sheep
  3365 | D:4      | Noticed a dream sheep
  3365 | D:4      | Found a shimmering altar of Xom.
  3366 | D:4      | Killed a dream sheep
  3370 | D:4      | Killed a dream sheep
  3370 | D:4      | Killed a dream sheep
  3370 | D:4      | Killed a dream sheep
  3372 | D:4      | Killed a dream sheep
  3374 | D:4      | Reached XP level 6. HP: 32/32 MP: 2/10
  4059 | D:4      | Found a blossoming altar of Fedhas.
  4235 | D:4      | Learned a level 3 spell: Frozen Ramparts
  4753 | D:5      | Entered Level 5 of the Dungeon
  4819 | D:5      | Reached XP level 7. HP: 36/36 MP: 8/12
  5167 | D:5      | Reached skill level 1 in Ice Magic
  5288 | D:5      | Slain by a hornet zombie

Illustrated notes

Levels and vault maps discovered:
D:1:      minmay_arrival_nine_rooms, layout_basic
D:2:      layout_basic, basic_altar, hex_medium, chequers_serial_rivers_room_a
D:3:      layout_loops_ring, hangedman_feature_mirror
D:4:      layout_basic, fedhas_altar_2, kb_xom_exploding_sheep
D:5:      layout_loops_corners, minmay_temple_entry_glass

Skill      XL: |  1  2  3  4  5  6  7 |
---------------+----------------------+-----
Dodging        | 2 3 |  3.0
Conjurations   | 2 3 |  3.5
Stealth        | 3 4 |  4.5
Spellcasting   | 3 |  3.5
Fire Magic     | 4 |  4.4
Ice Magic      | 1 |  1.1

Action                   |  1- 3 |  4- 6 |  7- 9 || total
-------------------------+-------+-------+-------++-------
Melee: Unarmed           |     7 |       |       ||     7
       Mace              |     3 |    25 |     5 ||    33
 Cast: Foxfire           |    46 |    33 |     4 ||    83
       Scorch            |    15 |    32 |    14 ||    61
  Use: Scroll            |       |     7 |     4 ||    11
Armor: Robe              |     6 |    16 |     3 ||    25
Dodge: Dodged            |     8 |    31 |     9 ||    48
